Map: Shrines of Lizul

Players

PureLegacy - Winner!

  • Race: Terran Terran
  • Spawn Location: 9:00

GeorgeOrwell - Winner!

  • Race: Terran Terran
  • Spawn Location: 6:00

xramoi

  • Race: Protoss Protoss
  • Spawn Location: 12:00

NightHawk

  • Race: Terran Terran
  • Spawn Location: 3:00

VOD

Have the link to the VOD?

Description

Time

  • Played on: Nov. 29, 2018, 1:06 p.m.
  • Length: 4:02
Show
View Real Time Build Order
Export as new Build Order

PureLegacy Terran - Winner!

Build Orders:  

Get SALT Encoding   

  12  0:01  SCV  
  13  0:13  SCV  
  14  0:20  Supply Depot  
  14  0:25  SCV  
  15  0:32  Refinery  
  15  0:41  SCV  
  16  0:45  Barracks  
  16  0:53  SCV  
  17  1:03  Barracks  
  17  1:19  Barracks  
  17  1:27  SCV  
  18  1:40  Reaper  
  18  1:44  Orbital Command  
  19  1:50  Reaper  
  20  1:54  Refinery  
  20  2:06  Supply Depot  
  20  2:08  Reaper  
  21  2:12  Reaper  
  22  2:16  SCV  
  23  2:28  SCV  
  24  2:32  Supply Depot, Reaper  
  25  2:41  Reaper  
  26  2:49  Reaper  
  26  2:51  SCV  
  28  3:04  Reaper  
  28  3:06  SCV  
  29  3:14  Command Center  
  29  3:22  Reaper  
  29  3:25  SCV  
  33  3:41  Supply Depot  
  33  3:58  Barracks Reactor x2  
  33  3:59  Barracks x2, Barracks Tech Lab  
Show
View Real Time Build Order
Export as new Build Order

GeorgeOrwell Terran - Winner!

Build Orders:  

Get SALT Encoding   

  12  0:01  SCV  
  13  0:13  SCV  
  14  0:18  Supply Depot  
  14  0:25  SCV  
  15  0:33  Refinery  
  15  0:41  Barracks  
  15  0:45  SCV  
  16  0:59  SCV  
  16  1:01  Supply Depot  
  17  1:11  SCV  
  18  1:22  Refinery  
  18  1:23  SCV  
  19  1:30  Bunker  
  19  1:31  Marine  
  20  1:39  Bunker  
  20  1:41  SCV  
  21  1:49  Marine  
  22  2:18  Supply Depot  
  22  2:23  Orbital Command  
  22  2:25  Factory  
  20  2:49  Reaper  
  17  3:01  Bunker  
  17  3:21  SCV  
  17  3:27  Barracks Tech Lab  
  18  3:33  SCV  
  18  3:34  Engineering Bay  
  19  3:35  Supply Depot  
  19  3:45  SCV  
Show
View Real Time Build Order
Export as new Build Order

xramoi Protoss 

Build Orders: Cannon Rush 

Get SALT Encoding   

  12  0:01  Probe  
  13  0:14  Probe  
  14  0:20  Pylon  
  14  0:29  Probe  
  15  0:37  Probe  
  15  0:39  Forge  
  16  0:45  Probe  
  17  1:01  Pylon  
  17  1:05  Probe  
  18  1:14  Gateway  
  19  1:25  Photon Cannon  
  18  1:29  Photon Cannon  
  18  1:38  Probe  
  19  1:40  Assimilator  
  19  1:46  Pylon  
  19  1:51  Photon Cannon  
  19  2:13  Probe  
  20  2:18  Photon Cannon  
  20  2:20  Assimilator  
  20  2:21  Probe  
  20  2:29  Probe  
  21  2:39  Probe  
  20  2:47  Probe  
  17  2:54  Cybernetics Core  
  17  2:55  Probe  
  19  3:06  Probe  
  20  3:18  Probe  
  21  3:30  Nexus  
  21  3:43  Probe  
  22  3:50  Stargate  
Show
View Real Time Build Order
Export as new Build Order

NightHawk Terran 

Build Orders:  

Get SALT Encoding   

  12  0:02  SCV  
  13  0:15  SCV  
  13  0:19  Supply Depot  
  14  0:27  SCV  
  15  0:30  Refinery  
  15  0:40  SCV  
  16  0:47  Barracks  
  16  0:53  SCV  
  17  1:05  SCV  
  18  1:12  Barracks  
  18  1:17  SCV  
  19  1:34  Orbital Command  
  19  1:37  Supply Depot  
  19  1:38  Reaper  
  20  1:46  Refinery  
  20  2:01  Barracks, Reaper  
  20  2:05  SCV  
  22  2:10  Reaper  
  23  2:17  SCV  
  24  2:31  SCV  
  24  2:33  Reaper  
  26  2:37  Supply Depot  
  26  2:43  Reaper, SCV  
  28  3:00  Reaper  
  28  3:01  SCV  
  28  3:05  Reaper  
  28  3:10  Supply Depot  
  27  3:15  Reaper  
  24  3:44  SCV  
Tags
 
Add a new tag
Caveats
  • Supply blocks, unpowered buildings, or Contaminate may cause inaccurate times.
  • Supply counts are checked every 10 seconds.